 Dungeon Crawl Stone Soup version 0.26.1-11-gd32895ea62 (webtiles) character file.

Game seed: 16219689602603052485

154 vvl the Slasher (level 5, -5/75 HPs)
             Began as a Naga Berserker on June 4, 2021.
             Was a Believer of Trog.
             Slain by an orc warrior
             ... wielding a +0 flail
              (15 damage)
             ... on level 3 of the Dungeon.
             The game lasted 00:07:00 (3146 turns).

vvl the Slasher (Naga Berserker)                    Turns: 3146, Time: 00:07:00

Health: -5/75      AC:  6    Str: 21    XL:     5   Next: 35%
Magic:  5/5        EV:  6    Int:  7    God:    Trog [**....]
Gold:   125        SH:  0    Dex: 10    Spells: 4/4 levels left

rFire    . . .     SeeInvis +   a - +0 falchion
rCold    . . .     Faith    .   (no shield)
rNeg     . . .     Spirit   .   o - +0 chain mail
rPois    +         Reflect  .   (no helmet)
rElec    .         Harm     .   (no cloak)
rCorr    .         Rampage  .   (no gloves)
Will     +++..                  (no barding)
Stlth    ..........             (no amulet)
HPRegen  1.22/turn              k - ring of willpower
MPRegen  0.09/turn              (no ring)

@: berserking, regenerating (expiring), quick
A: large, see invisible, deformed body, poison resistance, slowness 2, spit
poison 1, AC +1
a: Spit Poison, Renounce Religion, Berserk, Trog's Hand


You were on level 3 of the Dungeon.
You worshipped Trog.
Trog was pleased with you.
You visited 1 branch of the dungeon, and saw 3 of its levels.

You collected 125 gold pieces.

Inventory:

Hand Weapons
 a - a +0 falchion (weapon)
 m - a +0 short sword of holy wrath
 q - a +0 short sword of speed
Missiles
 i - 2 javelins
Armour
 n - a +0 scale mail
 o - a +0 chain mail (worn)
Jewellery
 k - a ring of willpower (left hand)
Wands
 l - a wand of digging (2)
Scrolls
 d - a scroll of fog {unknown}
 e - 2 scrolls of blinking {unknown}
 f - 3 scrolls of remove curse {unknown}
 g - 3 scrolls of enchant armour {unknown}
 h - 4 scrolls of identify {unknown}
 r - a scroll of amnesia {unknown}
 s - a scroll of magic mapping {unknown}
 t - a scroll of teleportation {unknown}
Potions
 b - 2 potions of brilliance {unknown}
 c - 2 potions of haste {unknown}
 j - a potion of flight {unknown}
 p - 2 potions of curing {unknown}


   Skills:
 + Level 3.6 Fighting
 * Level 4.1 Long Blades
 + Level 2.3 Armour
 + Level 2.2 Dodging
 + Level 1.3 Shields


You had 4 spell levels left.
You didn't know any spells.
Your spell library was empty.

Dungeon Overview and Level Annotations

Branches:
Dungeon (3/15)

Altars:
Vehumet


Innate Abilities, Weirdness & Mutations

You cannot wear boots.
Your serpentine skin is tough. (AC +1)
You have supernaturally acute eyesight. (SInv)
Armour fits poorly on your strangely shaped body.
Your system is resistant to poisons. (rPois)
You cover ground very slowly.
You can spit poison.


Message History

The orc wizard hits you with a +0 dagger.
* * * LOW HITPOINT WARNING * * *
The orc wizard casts a spell.
The orc wizard blinks!
There is a stone staircase leading down here.
You feel the effects of Trog's Hand fading.
A red film seems to cover your vision as you go berserk!
You feel yourself moving faster!
You feel mighty!
The orc warrior hits you with a +0 flail.
* * * LOW HITPOINT WARNING * * *
You barely miss the orc warrior.
The orc wizard casts a spell.
The orc wizard blinks!
The orc warrior hits you with a +0 flail!
* * * LOW HITPOINT WARNING * * *
You closely miss the orc warrior. You hit the orc warrior.
The orc warrior is moderately wounded.
The orc warrior hits you with a +0 flail!
You die...

#.>...............
##...............
#...............
#..(...#########
###.##.#.#
#.!.ยง....#
#w.....###
#o###......# #@#
#.....)# #.#
######.# ..# #
#.## #. .. ##


You could see an orc warrior and a worm.

Vanquished Creatures
  Terence (D:2)
  2 adders
  2 oozes
  4 worms
  5 dart slugs
  2 leopard geckos
  An orc (D:3)
  3 giant cockroaches
  13 goblins
  9 hobgoblins
  3 jackals (D:2)
  2 ball pythons (D:3)
  11 bats
  3 frilled lizards
  7 kobolds
  9 rats
77 creatures vanquished.

Notes
Turn   | Place    | Note
-------+----------+-------------------------------------------
     0 | D:1      | vvl the Naga Berserker began the quest for the Orb.
     0 | D:1      | Reached XP level 1. HP: 21/21 MP: 1/1
    71 | D:1      | Reached XP level 2. HP: 25/28 MP: 2/2
   691 | D:1      | Reached XP level 3. HP: 27/34 MP: 3/3
   959 | D:1      | Reached ** piety under Trog
  1933 | D:2      | Reached XP level 4. HP: 29/42 MP: 4/4
  2050 | D:2      | Noticed Terence
  2066 | D:2      | Killed Terence
  2067 | D:2      | Reached skill level 1 in Shields
  2709 | D:2      | Reached XP level 5. HP: 49/49 MP: 5/5
  2715 | D:2      | Reached skill level 4 in Long Blades
  2741 | D:3      | Found a radiant altar of Vehumet.
  3129 | D:3      | Noticed an orc warrior
  3146 | D:3      | Slain by an orc warrior

Illustrated notes

Levels and vault maps discovered:
D:1:      nzn_arrival_crosshair, layout_basic
D:2:      layout_loops_ring, minmay_close_crescents, uniq_terence
D:3:      layout_rooms, lemuel_coloured_pillars_altar, vehumet_crystals,
          serial_curves, eino_curves_04, eino_curves_01, eino_curves_02,
          eino_curves_04, grunt_ministairs_10, bh_walls_and_bars

Skill      XL: |  1  2  3  4  5 |
---------------+----------------+-----
Armour         | 2 |  2.3
Dodging        | 2 |  2.2
Shields        | 1 |  1.3
Long Blades    | 4 |  4.1
Fighting       | |  3.6

Action                   |  1- 3 |  4- 6 || total
-------------------------+-------+-------++-------
Melee: Falchion          |   107 |   125 ||   232
Invok: Berserk           |       |     2 ||     2
       Trog's Hand       |       |     1 ||     1
Armor: Animal skin       |     2 |       ||     2
       Ring mail         |    24 |     2 ||    26
       Chain mail        |       |    85 ||    85
Dodge: Dodged            |    67 |    58 ||   125
       Rpst.: Falchion   |    21 |    19 ||    40
